 Dungeon Crawl Stone Soup version 0.31-a0-466-g98c9adc2b6 (webtiles) character file.

Game seed: 13437760505890568233

1591 Gelion the Changeling (level 8, -7/56 HPs)
             Began as an Octopode Shapeshifter on Aug 5, 2023.
             Was an Initiate of Gozag.
             Mangled by a wight
             ... wielding a +0 morningstar
              (14 damage)
             ... on level 6 of the Dungeon.
             The game lasted 00:20:29 (4886 turns).

Gelion the Changeling (Octopode Shapeshifter)       Turns: 4886, Time: 00:20:29

Health: -7/56      AC:  1    Str: 15    XL:     8   Next: 93%
Magic:  8/8        EV: 13    Int: 10    God:    Gozag
Gold:   712        SH:  0    Dex: 14    Spells: 7/7 levels left

rFire   . .          .
                       - Unarmed
rCold   . . .        (no shield)
rNeg    . . .        (helmet currently unavailable)
rPois   +            (no amulet)
rElec   .            m - ring of poison resistance
rCorr   .            (no ring)
SInv    .            (no ring)
Will    .....        (no ring)
Stlth   ++           (no ring)
HPRegen 0.29/turn    (no ring)
MPRegen 0.11/turn    (no ring)
                     (no ring)

%: no passive effects
@: beast-form
A: beast (slay +5), almost no armour, amphibious, 8 rings, camouflage 1,
gelatinous body 1, (nimble swimmer 1), tentacles
a: Begin Untransformation, Renounce Religion, Potion Petition, Call Merchant,
Bribe Branch


You were on level 6 of the Dungeon.
You worshipped Gozag.
Gozag was pleased with you.
You were a hulking beast.
You visited 2 branches of the dungeon, and saw 7 of its levels.
You also visited: Ossuary.

You collected 752 gold pieces.
You paid 40 gold pieces to Gozag.

Inventory:

Jewellery
 m - a ring of poison resistance (left tentacle)
Talismans
 b - a beast talisman (active)
Wands
 o - a wand of flame (25)
Scrolls
 c - a scroll of enchant weapon
 s - a scroll of blinking
Potions
 d - 2 potions of enlightenment
 e - 5 potions of curing
 f - a potion of resistance
 g - a potion of attraction
 h - 2 potions of mutation
 i - 2 potions of might
 j - 2 potions of brilliance
 k - a potion of cancellation {unknown}
 q - a potion of invisibility {unknown}
 t - a potion of magic {unknown}


   Skills:
 + Level 5.4 Fighting
 - Level 2.0 Dodging
 + Level 6.2 Unarmed Combat
 * Level 7.1 Shapeshifting


You had 7 spell levels left.
You didn't know any spells.
Your spell library contained the following spells:

 Spells                   Type           Power      Damage    Failure   Level
 Ensorcelled Hibernation  Hex/Ice        0%         N/A       50%         2
 Passwall                 Tmut/Erth      0%         N/A       50%         2
 Swiftness                Air            0%         N/A       75%         3
 Manifold Assault         Tloc           0%         N/A       98%         4
 Dispersal                Tloc           0%         N/A       100%        6
 Disjunction              Tloc           0%         N/A       100%        8


Dungeon Overview and Level Annotations

Branches:
Dungeon (6/15)             Temple (1/1) D:5         Ossuary (visited)

Altars:
Ashenzari
Cheibriados
Dithmenos
Elyvilon
Gozag
Hepliaklqana
Kikubaaqudgha
Makhleb
Nemelex Xobeh
Okawaru
Qazlal
Ru
Sif Muna
Trog
Uskayaw
Vehumet
Wu Jian
Xom
Yredelemnul
Zin


Innate Abilities, Weirdness & Mutations

You are a hulking beast.
Your limbs bulge with bestial killing power. (Slay +5)
You cannot wear most types of armour.
You are amphibious.
You can wear up to eight rings at the same time.
Your skin changes colour to match your surroundings (Stealth+).
Your rubbery body absorbs attacks. (AC +1, EV +1)
((You are camouflaged when in or above water. (Stealth+)))
You have tentacles for arms and can constrict up to eight enemies at once.


Message History

Aiming: Paralyse
Press: ? - help, Shift-Dir - straight line, f - two-headed ogre
Aim: a two-headed ogre, wielding a +0 dire flail and a +0 giant spiked club (chance to affect: 31%)
The two-headed ogre easily resists.
Unknown command.
Aiming: Paralyse
Press: ? - help, Shift-Dir - straight line, f/p - two-headed ogre
Aim: a two-headed ogre, wielding a +0 dire flail and a +0 giant spiked club (chance to affect: 31%)
The two-headed ogre easily resists.
The now-empty wand crumbles to dust.
As you read the scroll of fear, it crumbles to dust.
You assume a fearsome visage.
The wight is unaffected.
The iguana looks frightened!
The two-headed ogre looks frightened!
Okay, then.
You tentacle-slap the two-headed ogre.
Your attack snaps the two-headed ogre out of its fear.
You squeeze the two-headed ogre.
The two-headed ogre is moderately wounded.
The two-headed ogre barely misses you.
The two-headed ogre hits you with a +0 giant spiked club!
You bludgeon the two-headed ogre!
The two-headed ogre is heavily wounded.
The wight hits you with a +0 morningstar!
You bludgeon the two-headed ogre!
The two-headed ogre is heavily wounded.
The two-headed ogre closely misses you.
The two-headed ogre hits you with a +0 giant spiked club!!
* * * LOW HITPOINT WARNING * * *
The wight barely misses you.
You bludgeon the two-headed ogre!
Your squeeze misses the two-headed ogre.
The two-headed ogre is severely wounded.
The wight hits you with a +0 morningstar.
* * * LOW HITPOINT WARNING * * *
The two-headed ogre barely misses you. x2
A wight comes into view. It is wielding a +3 trident.
You tentacle-slap the two-headed ogre.
The two-headed ogre is severely wounded.
The wight hits you with a +0 morningstar!
You die...
Your body crumbles into a pile of gold.

.......##########
##.#.....#.).......<.......
...#.....#.....##.#########
............. #.#
............... . #.#
............... #.#
..............##### #.#
^§#......l...z#O..# #.#
§#§.....# #..'zh.# #.#
§.......# #..#...# #.#
§≈≈.....####..#####.# #.#
§^..................# #.#
#######.############# #.#
#.# #.#
#######.###############.#
........................#
#######################.#


You could see a two-headed ogre, an iguana (fleeing) and 2 wights.

Vanquished Creatures
  5 yaks (D:4)
  An ogre (D:5)
  A phantom (D:4)
  A wight (D:6)
  A howler monkey (D:5)
  A hound (D:4)
  2 human zombies (Ossuary)
  A sleepcap (D:5)
  2 orc priests (D:5)
  2 iguanas (D:5)
  2 orc wizards (D:5)
  5 mummies (Ossuary)
  Robin (D:4)
  8 adders
  6 gnolls
  A white imp (D:4)
  2 ufetubi (D:4)
  2 dart slugs
  14 orcs (D:5)
  9 endoplasms
  5 giant cockroaches
  7 hobgoblins
  2 jackals (D:3)
  6 quokkas
  10 ball pythons
  6 bats
  6 frilled lizards
  A gnoll zombie (Ossuary)
  21 goblins
  A goblin zombie (Ossuary)
  2 hobgoblin zombies (Ossuary)
  9 kobolds
  A kobold zombie (Ossuary)
  An orc zombie (Ossuary)
  5 rats
150 creatures vanquished.

Notes
Turn   | Place    | Note
-------+----------+-------------------------------------------
     0 | D:1      | Gelion the Octopode Shapeshifter began the quest for the
                  | Orb.
     0 | D:1      | Reached XP level 1. HP: 13/13 MP: 1/1
    83 | D:1      | Reached XP level 2. HP: 16/18 MP: 2/2
   459 | D:1      | Reached XP level 3. HP: 15/23 MP: 3/3
  1111 | D:2      | Reached XP level 4. HP: 29/29 MP: 4/4
  1333 | D:3      | Identified the +0 scale mail of the Mind {Str+7}
  1351 | D:3      | Found a faded altar of an unknown god.
  1421 | D:3      | Reached skill level 4 in Shapeshifting
  1569 | D:3      | Identified the +3 ring mail of Courage {-Cast rElec rN+
                  | Dex+4}
  1717 | D:3      | Reached XP level 5. HP: 16/35 MP: 5/5
  2192 | D:3      | Found a sparkling altar of Nemelex Xobeh.
  2192 | D:3      | Found an opulent altar of Gozag.
  2200 | D:3      | Became a worshipper of Gozag Ym Sagoz the Greedy
  2349 | D:4      | Noticed a phantom
  2393 | D:4      | Noticed a yak
  2395 | D:4      | Noticed a yak
  2410 | D:4      | Reached XP level 6. HP: 26/41 MP: 6/6
  2902 | D:4      | Noticed a yak
  2902 | D:4      | Noticed a yak
  2902 | D:4      | Noticed a yak
  2937 | D:4      | Killed a yak
  2938 | D:4      | Reached skill level 5 in Shapeshifting
  2943 | D:4      | Killed a yak
  2944 | D:4      | Reached XP level 7. HP: 46/47 MP: 7/7
  2952 | D:4      | Killed a yak
  2953 | D:4      | Reached skill level 5 in Unarmed Combat
  2959 | D:4      | Killed a yak
  2972 | D:4      | Killed a yak
  2973 | D:4      | Reached skill level 6 in Shapeshifting
  2973 | D:4      | Reached XP level 8. HP: 26/54 MP: 8/8
  3177 | D:4      | Noticed Robin
  3209 | D:4      | Killed Robin
  3441 | D:5      | Entered Level 5 of the Dungeon
  3489 | D:5      | Found a hazy altar of Hepliaklqana.
  3507 | D:5      | Found a snail-covered altar of Cheibriados.
  3593 | D:5      | Found a staircase to the Ecumenical Temple.
  3611 | Temple   | Entered the Ecumenical Temple
  3692 | D:5      | Found a glowing silver altar of Zin.
  3706 | D:5      | Reached skill level 5 in Fighting
  4404 | D:6      | Noticed a two-headed ogre
  4416 | D:6      | Reached skill level 7 in Shapeshifting
  4489 | D:6      | Found a stormy altar of Qazlal.
  4500 | D:6      | Found a sand-covered staircase.
  4505 | Ossuary  | Entered an ossuary
  4886 | D:6      | Mangled by a wight

Illustrated notes

Levels and vault maps discovered:
D:1:      lightli_arrival_noodles, layout_basic, minmay_misc_feat_roman,
          st_stairs_6, minmay_misc_feat_plants
D:2:      layout_rooms, serial_bayou_ford_a, minmay_misc_feat_chi, st_stairs_9,
          minmay_ruptured
D:3:      layout_basic, grunt_temple_overflow_opulence, serial_bayou,
          serial_bayou_pond_e, serial_bayou_lagoon_a, serial_bayou_lagoon_b,
          serial_bayou_pond_a, serial_bayou_pond_c,
          hellmonk_ecumenical_altar_heavens_door
D:4:      layout_gridville, uniq_robin
D:5:      layout_loops_ring, worldfamousw_hep_ancestral_shrine,
          cheibriados_altar_1, mainiacjoe_overflow_catwalk,
          minmay_temple_entry_purple_smoke
D:6:      wad_lake_hut, layout_basic, grunt_temple_overflow_forces_of_nature,
          enter_ossuary_2, uniq_prince_ribbit1
Temple:   nicolae_temple_great_sept

Skill      XL: |  1  2  3  4  5  6  7  8 |
---------------+-------------------------+-----
Fighting       | 2 3 4 5 |  5.4
Shapeshifting  | 4 5 6 7 |  7.1
Unarmed Combat | 4 5 6 |  6.2
Dodging        | |  2.0

Action                     |  1- 3 |  4- 6 |  7- 9 || total
---------------------------+-------+-------+-------++-------
  Melee: Unarmed           |    69 |   105 |   131 ||   305
         Constrict         |    14 |    28 |    35 ||    77
         Tentacles         |     9 |    17 |    25 ||    51
         Punch             |     1 |     4 |     5 ||    10
  Evoke: Wand              |       |       |     2 ||     2
    Use: Scroll            |       |    10 |     8 ||    18
         Potion            |       |     1 |     3 ||     4
   Stab: Sleeping          |     8 |     5 |     3 ||    16
 Armour: Skin              |     7 |    12 |    11 ||    30
  Dodge: Dodged            |    36 |    59 |    46 ||   141

Table legend: (Time is in decaauts)
 A = Elapsed time spent in this place.
 B = Non-inter-level travel time spent in this place.
 C = Inter-level travel time spent in this place.
 D = Time resting spent in this place.
 E = Time spent auto-exploring this place.
 F = Levels seen in this place.
 G = Mean time per level.
                   A        B        C        D        E       F      G
               +--------+--------+--------+--------+--------+-----+--------+
         Total |   4859 |   4620 |    239 |    273 |   3329 |   8 |  607.4 |
       Dungeon |   4483 |   4244 |    239 |    185 |   3202 |   6 |  747.2 |
        Temple |      7 |      7 |      0 |      0 |      6 |   1 |    7.0 |
       Ossuary |    368 |    368 |      0 |     88 |    121 |   1 |  368.0 |
               +--------+--------+--------+--------+--------+-----+--------+

Top non-repeatable levels by time:
     D:3: 1168 daAuts
     D:4: 953 daAuts
     D:5: 948 daAuts
     D:1: 770 daAuts
     D:2: 532 daAuts
 Ossuary: 368 daAuts
     D:6: 109 daAuts
  Temple: 7 daAuts
